Map: Acropolis LE

Players

PtitDrogo

  • Race: Protoss Protoss
  • League: Master
  • Spawn Location: 11:00

Armani - Winner!

  • Race: Zerg Zerg
  • Spawn Location: 5:00

Event: 2019 Assembly Summer

VOD

Have the link to the VOD?

Description

Time

  • Played on: Aug. 1, 2019, 6:04 a.m.
  • Length: 21:14

All games in this series

Show
View Real Time Build Order
Export as new Build Order

PtitDrogo Protoss 

Build Orders: 1 Gate Expand, Archon Immortal, Archon Drop, Dark Templar Rush 

Get SALT Encoding   

  12  0:00  Probe  
  13  0:12  Probe  
  14  0:18  Pylon  
  14  0:24  Probe  
  15  0:31  Assimilator  
  15  0:33  Probe  
  15  0:41  Probe  
  16  0:47  Gateway  
  17  0:51  Probe  
  18  1:03  Probe  
  19  1:15  Probe  
  20  1:24  Nexus  
  20  1:34  Cybernetics Core  
  20  1:37  Probe  
  21  1:40  Assimilator  
  21  1:49  Probe  
  21  1:51  Pylon  
  22  2:01  Adept, Probe  
  23  2:13  Probe  
  26  2:16  Twilight Council  
  26  2:19  Warp Gate  
  26  2:25  Probe  
  27  2:30  Stalker  
  27  2:32  Probe  
  27  2:33  Probe  
  30  2:40  Probe  
  30  2:41  Probe  
  31  2:48  Robotics Facility  
  31  2:50  Probe  
  33  2:52  Probe  
  35  3:02  Probe  
  35  3:04  Probe  
  37  3:11  Dark Shrine  
  37  3:14  Probe  
  37  3:16  Probe  
  39  3:23  Gateway  
  39  3:26  Probe  
  40  3:28  Warp Prism  
  40  3:33  Gateway  
  40  3:34  Gateway  
  42  3:42  Probe x2  
  42  3:45  Assimilator  
  42  3:47  Assimilator  
  44  3:51  Pylon  
  44  3:54  Probe  
  44  3:55  Probe  
  46  4:00  Pylon  
  46  4:09  Probe x2, Adept  
  50  4:21  Probe x2  
  52  4:30  Dark Templar x4  
  60  4:33  Probe  
  60  4:35  Archon x2  
  60  4:37  Probe  
  60  4:38  Pylon  
  61  4:41  Pylon  
  61  4:43  Observer  
  62  4:56  Probe  
  63  5:00  Nexus  
  63  5:01  Probe  
  63  5:02  Pylon  
  63  5:05  Sentry x2  
  68  5:11  Immortal  
  68  5:14  Probe x2  
  68  5:15  Dark Templar  
  76  5:25  Forge  
  76  5:26  Pylon  
  77  5:28  Probe  
  77  5:37  Immortal, Probe  
  78  5:47  Probe  
  80  5:50  Probe  
  80  5:56  Pylon  
  84  5:59  Probe  
  85  6:09  Immortal, Probe  
  85  6:10  Charge  
  87  6:11  Probe  
  87  6:14  Gateway  
  87  6:15  Protoss Ground Weapons Level 1  
  87  6:16  Gateway, Probe  
  91  6:18  Templar Archives  
  91  6:24  Probe  
  91  6:25  Probe  
  93  6:26  Probe  
  91  6:41  Probe x2  
  91  6:42  Assimilator  
  91  6:43  Probe, Assimilator  
  94  6:47  Pylon  
  94  6:49  Immortal  
  94  6:53  Probe x2  
  94  6:54  Stargate  
  100  6:55  Shield Battery, Probe  
  100  6:57  Stargate  
  101  7:01  Photon Cannon  
  101  7:03  Shield Battery  
  101  7:05  Probe x2  
  101  7:07  Photon Cannon  
  103  7:09  High Templar  
  103  7:15  High Templar  
  107  7:19  Archon  
  107  7:20  Probe  
  108  7:23  Shield Battery  
  106  7:33  Phoenix  
  106  7:34  Stalker x4  
  112  7:40  Phoenix  
  112  7:45  Pylon  
  112  7:47  Pylon  
  112  7:50  Probe  
  112  7:52  Probe, Phoenix  
  112  7:53  Probe  
  112  7:57  Phoenix  
  114  8:02  Probe  
  114  8:04  Probe  
  120  8:08  Psionic Storm  
  120  8:10  Stalker x3  
  126  8:21  Probe, Protoss Ground Weapons Level 2  
  129  8:29  Nexus  
  129  8:30  Pylon  
  125  8:35  Pylon  
  125  8:38  Zealot x6  
  125  8:40  Gateway  
  137  8:42  Gateway  
  137  8:58  Probe  
  137  9:01  Gateway  
  137  9:02  High Templar x3, Gateway  
  144  9:04  Immortal, Pylon  
  144  9:07  Shield Battery  
  148  9:10  Probe  
  148  9:13  Assimilator  
  149  9:17  Assimilator  
  149  9:19  Pylon  
  149  9:32  Probe  
  149  9:33  High Templar x3  
  149  9:36  Observer  
  149  9:37  Probe x2  
  158  9:42  Oracle  
  158  9:43  Probe  
  162  9:51  Immortal  
  162  9:54  Probe  
  162  9:56  Photon Cannon  
  162  9:58  Shield Battery  
  162  9:59  Probe  
  162  10:00  Fleet Beacon  
  162  10:03  Probe  
  162  10:04  Probe  
  166  10:07  Photon Cannon  
  166  10:08  Photon Cannon  
  166  10:09  Zealot x3  
  166  10:11  Zealot x2  
  166  10:13  Probe  
  177  10:18  Dark Templar  
  179  10:29  Stargate  
  179  10:34  Tempest  
  179  10:35  Tempest  
  177  10:40  Probe  
  176  10:45  Protoss Air Weapons Level 1  
  176  10:48  Protoss Ground Weapons Level 3  
  186  10:53  Zealot  
  186  10:56  Pylon  
  188  10:58  Pylon x2  
  188  11:09  Mothership  
  183  11:19  Tempest  
  191  11:32  Tempest  
  190  11:42  Dark Templar x3  
  190  11:43  Zealot x5  
  196  11:47  Probe  
  196  11:48  Photon Cannon  
  196  11:51  Photon Cannon  
  186  11:56  High Templar x2, Tempest  
  186  11:58  Probe  
  189  12:02  Probe  
  189  12:03  Probe  
  196  12:12  Nexus  
  196  12:14  Pylon  
  196  12:15  Zealot x4, Blink  
  200  12:18  Pylon  
  200  12:21  Assimilator  
  200  12:25  Assimilator  
  200  12:37  Photon Cannon  
  200  12:39  Photon Cannon  
  200  12:41  Photon Cannon  
  200  12:43  Photon Cannon  
  198  12:45  Shield Battery  
  185  12:51  Zealot x7  
  185  12:57  Archon  
  190  13:01  Zealot x3  
  192  13:19  High Templar  
  185  13:20  High Templar x3  
  185  13:21  High Templar x2, Zealot x2  
  185  13:25  Archon x2  
  185  13:26  Probe  
  200  13:27  Oracle  
  199  13:44  Protoss Shields Level 1  
  199  13:48  Protoss Air Weapons Level 2  
  197  13:57  Warp Prism  
  167  14:20  Zealot x10  
  167  14:23  Probe  
  188  14:24  Gateway  
  188  14:26  Gateway  
  167  14:40  High Templar  
  167  14:41  High Templar x4  
  167  14:42  High Templar x2, Zealot x3, Oracle x2  
  185  14:47  Archon x3  
  191  14:54  Observer  
  190  15:06  Zealot  
  160  15:16  Observer  
  160  15:19  Stalker x7  
  160  15:20  Probe, Stalker x2  
  157  15:27  Probe  
  144  15:31  Probe  
  133  15:37  Stalker  
  131  15:47  Archon  
  131  15:49  Stalker  
  127  15:50  Zealot x6, Stalker x2  
  127  15:51  Warp Prism  
  139  16:00  Probe  
  139  16:03  Gateway  
  142  16:06  Gateway, High Templar x3  
  148  16:14  High Templar x3  
  148  16:15  High Templar x6  
  166  16:20  Archon  
  166  16:21  Archon  
  166  16:36  Nexus, Pylon  
  166  16:40  Nexus  
  166  16:42  Dark Templar x2, Pylon  
  166  16:43  Zealot  
  164  16:47  Zealot x2  
  164  16:49  Zealot  
  169  17:02  Zealot x6  
  169  17:05  Zealot  
  163  17:23  Zealot x7  
  163  17:24  Zealot x4  
  163  17:27  Archon  
  141  17:39  Probe  
  141  17:42  Probe  
  141  17:43  Probe  
  124  17:45  Warp Prism  
  124  17:50  High Templar x5, Zealot x3  
  124  17:51  Zealot x4  
  147  18:08  Photon Cannon  
  147  18:10  Photon Cannon  
  147  18:14  Assimilator  
  147  18:16  High Templar x7  
  147  18:18  Assimilator  
  147  18:19  Observer  
  161  18:20  Archon x3  
  161  18:22  High Templar  
  161  18:23  High Templar x2, Zealot  
  161  18:24  Zealot  
  172  18:28  Archon x2  
  172  18:33  Pylon  
  172  18:35  Pylon  
  172  18:37  Observer  
  171  18:46  Probe x2  
  160  18:51  Probe  
  157  18:55  Photon Cannon  
  157  18:56  Photon Cannon  
  157  18:59  Photon Cannon  
  157  19:11  Zealot x10  
  157  19:12  Zealot x2  
  157  19:14  Tempest x2  
  157  19:15  Tempest  
  177  19:20  Probe  
  138  19:30  Nexus  
  145  19:32  High Templar x4  
  145  19:33  Zealot x2  
  145  19:34  Pylon  
  145  19:35  Zealot  
  145  19:36  Archon x2  
  157  19:47  Tempest  
  157  19:49  Zealot x5  
  158  19:53  Probe  
  158  19:54  Tempest  
  164  20:10  Probe  
  164  20:11  Probe  
  115  20:39  Zealot x11  
  126  20:49  High Templar  
  120  20:53  Assimilator  
  120  20:54  Assimilator  
  112  20:59  High Templar x8  
  112  21:03  Archon x4  
Show
View Real Time Build Order
Export as new Build Order

Armani Zerg - Winner!

Build Orders: Hatch First, Lurkers, Roach Hydra 

Get SALT Encoding   

  12  0:01  Drone  
  13  0:12  Overlord  
  13  0:17  Drone  
  14  0:30  Drone x2  
  16  0:48  Hatchery  
  15  0:51  Drone  
  15  0:55  Drone  
  17  0:59  Drone  
  18  1:08  Extractor  
  17  1:14  Spawning Pool  
  17  1:17  Drone  
  17  1:20  Drone  
  18  1:29  Drone  
  19  1:41  Drone  
  20  1:49  Hatchery  
  20  1:53  Drone  
  20  2:01  Queen  
  20  2:03  Drone  
  20  2:06  Drone  
  24  2:15  Queen  
  26  2:21  Overlord  
  26  2:25  Metabolic Boost  
  26  2:29  Zergling x2  
  27  2:31  Zergling x2  
  28  2:40  Drone x2  
  28  2:41  Drone  
  31  2:46  Queen  
  31  2:50  Overlord  
  33  2:55  Drone x2  
  35  3:00  Drone  
  38  3:08  Drone  
  38  3:12  Drone  
  40  3:13  Drone  
  40  3:16  Zergling x4  
  40  3:19  Drone  
  44  3:25  Drone  
  44  3:26  Drone  
  44  3:27  Overlord  
  44  3:28  Drone  
  44  3:29  Drone  
  44  3:31  Drone  
  47  3:34  Roach Warren  
  47  3:41  Lair  
  46  3:42  Drone x2  
  46  3:43  Drone  
  46  3:45  Overlord  
  50  3:48  Drone  
  50  3:57  Drone x2  
  50  3:58  Drone x2  
  50  4:00  Extractor  
  50  4:01  Drone x3, Extractor  
  55  4:04  Overlord  
  55  4:07  Drone x2  
  57  4:10  Spore Crawler  
  57  4:14  Spore Crawler  
  57  4:15  Roach  
  57  4:16  Roach  
  59  4:20  Roach  
  59  4:23  Roach  
  63  4:26  Roach  
  63  4:29  Zergling x2  
  63  4:30  Roach  
  63  4:31  Overlord  
  68  4:36  Roach x2  
  72  4:38  Zergling x4  
  72  4:41  Overseer  
  72  4:42  Overlord  
  74  4:48  Overlord  
  74  4:50  Drone  
  74  4:51  Drone  
  74  4:52  Overlord  
  76  4:53  Overlord  
  76  4:55  Glial Reconstitution  
  73  5:00  Overlord  
  73  5:04  Drone x3  
  76  5:07  Drone x2  
  76  5:12  Overseer, Drone x3  
  82  5:14  Drone  
  82  5:15  Drone  
  82  5:16  Drone  
  82  5:20  Drone x2, Extractor  
  85  5:26  Extractor  
  85  5:28  Spire  
  83  5:29  Roach  
  83  5:30  Roach  
  86  5:38  Zergling x6  
  86  5:40  Drone  
  90  5:45  Drone  
  90  5:46  Drone  
  92  5:50  Drone x4  
  92  5:51  Drone  
  92  5:52  Drone x3  
  92  5:53  Drone  
  92  5:54  Overlord, Extractor  
  100  6:01  Drone, Evolution Chamber  
  100  6:03  Overlord  
  100  6:04  Overlord  
  100  6:07  Overseer  
  100  6:08  Drone  
  100  6:09  Drone  
  102  6:21  Spore Crawler  
  102  6:24  Hatchery  
  100  6:27  Zerg Missile Weapons Level 1  
  100  6:39  Mutalisk x6  
  114  6:41  Mutalisk  
  114  6:44  Drone  
  114  6:46  Mutalisk  
  119  7:01  Hydralisk Den  
  118  7:03  Roach x6  
  118  7:04  Overlord x3  
  118  7:05  Overlord  
  118  7:06  Overlord  
  118  7:08  Overseer  
  128  7:10  Drone x2  
  128  7:11  Overlord  
  128  7:13  Overlord  
  130  7:17  Overlord x2  
  130  7:32  Roach  
  130  7:33  Roach x2, Overlord  
  130  7:34  Drone x4  
  130  7:35  Drone x2  
  142  7:40  Grooved Spines  
  143  7:44  Drone  
  143  7:45  Lurker Den  
  143  7:46  Hydralisk x7  
  156  7:52  Hydralisk  
  156  7:55  Drone x2, Queen  
  160  7:58  Extractor  
  160  7:59  Hydralisk x2, Extractor  
  160  8:00  Hydralisk, Spine Crawler  
  163  8:06  Hydralisk x2  
  163  8:08  Drone  
  163  8:09  Drone  
  169  8:15  Infestation Pit  
  164  8:23  Hydralisk x4  
  162  8:28  Spore Crawler, Drone x3  
  162  8:31  Zerg Missile Weapons Level 2  
  162  8:32  Roach  
  162  8:33  Roach  
  168  8:39  Spore Crawler  
  167  8:42  Zerg Flyer Weapons Level 1  
  167  8:52  Hive  
  167  8:54  Drone  
  167  8:55  Evolution Chamber  
  167  8:58  Muscular Augments  
  167  9:07  Hatchery  
  166  9:11  Drone x2  
  166  9:12  Spine Crawler  
  166  9:13  Lurker x5  
  166  9:14  Spine Crawler  
  166  9:16  Hydralisk x2  
  170  9:21  Drone x3  
  170  9:22  Drone  
  178  9:29  Zergling x2  
  178  9:30  Zergling x22  
  188  9:33  Queen  
  190  9:40  Overseer  
  190  9:42  Zerg Melee Weapons Level 1  
  190  9:47  Hydralisk x5  
  200  9:53  Overlord, Spine Crawler  
  200  9:54  Spine Crawler  
  200  9:55  Spine Crawler  
  196  10:05  Adaptive Talons  
  196  10:08  Drone x3  
  196  10:09  Pathogen Glands  
  196  10:14  Overseer  
  199  10:25  Spore Crawler  
  199  10:26  Lurker  
  199  10:30  Lurker, Spore Crawler  
  199  10:31  Spore Crawler  
  199  10:32  Lurker  
  199  10:35  Pneumatized Carapace  
  198  10:36  Drone  
  198  10:38  Greater Spire  
  197  10:45  Drone x2  
  199  10:54  Spore Crawler  
  198  10:59  Spore Crawler  
  198  11:01  Spore Crawler  
  196  11:08  Hydralisk  
  198  11:12  Zerg Missile Weapons Level 3  
  198  11:13  Spore Crawler, Adrenal Glands  
  197  11:29  Infestor  
  197  11:30  Infestor x5  
  197  11:31  Neural Parasite  
  179  11:40  Extractor  
  179  11:41  Extractor  
  177  11:49  Corruptor  
  177  11:50  Corruptor x4  
  177  11:55  Drone x4  
  177  11:59  Spore Crawler  
  177  12:00  Spore Crawler  
  179  12:02  Spore Crawler  
  179  12:03  Drone x5  
  179  12:06  Zerg Melee Weapons Level 2, Spine Crawler  
  179  12:07  Zerg Flyer Weapons Level 2, Spine Crawler x2  
  180  12:20  Drone x3  
  184  12:22  Drone  
  184  12:23  Drone  
  184  12:24  Infestor x2  
  184  12:26  Spore Crawler  
  184  12:27  Overlord  
  186  12:32  Burrow  
  137  13:02  Hydralisk  
  137  13:03  Hydralisk x11  
  149  13:07  Zergling x28  
  155  13:20  Drone  
  155  13:21  Drone x2  
  155  13:25  Spine Crawler x3  
  155  13:27  Spine Crawler  
  155  13:32  Corruptor x7  
  155  13:33  Corruptor x4  
  175  13:35  Drone x3  
  175  13:36  Drone x2  
  175  13:37  Drone x2  
  175  13:38  Extractor  
  175  13:40  Spine Crawler  
  180  13:41  Spore Crawler  
  180  13:44  Overseer  
  177  13:55  Drone  
  177  13:56  Extractor  
  177  13:59  Zergling x12  
  177  14:00  Zergling x12  
  175  14:11  Hydralisk x8  
  176  14:18  Drone x3  
  176  14:19  Spine Crawler  
  167  14:40  Corruptor x4  
  167  14:43  Brood Lord x3  
  181  14:46  Brood Lord  
  181  14:51  Spine Crawler  
  182  14:54  Spine Crawler, Brood Lord  
  182  14:55  Spine Crawler  
  180  15:00  Zerg Melee Weapons Level 3  
  166  15:20  Zergling x26  
  166  15:21  Zergling x16  
  157  15:29  Brood Lord x2  
  132  15:36  Hydralisk x4  
  136  15:43  Zergling x14  
  136  15:49  Brood Lord  
  137  15:52  Brood Lord  
  137  15:56  Infestor x3  
  146  16:04  Lurker x4  
  146  16:07  Hydralisk x3  
  153  16:16  Hydralisk x4  
  153  16:17  Hydralisk  
  163  16:22  Infestor  
  163  16:25  Drone, Spine Crawler  
  166  16:26  Spine Crawler  
  164  16:36  Drone  
  164  16:43  Corruptor x5  
  173  16:49  Drone  
  173  16:52  Drone  
  175  16:54  Drone  
  175  16:58  Infestor x3  
  175  16:59  Infestor x4  
  175  17:00  Hatchery, Zergling x14  
  182  17:06  Zerg Ground Armor Level 1  
  181  17:15  Brood Lord x2  
  181  17:21  Brood Lord x2  
  158  17:37  Infestor  
  158  17:38  Infestor x2  
  150  17:47  Overseer  
  148  18:04  Infestor x3  
  154  18:10  Hatchery  
  153  18:14  Spine Crawler  
  153  18:15  Spine Crawler  
  153  18:16  Spine Crawler x3  
  153  18:18  Infestor x6  
  153  18:19  Spine Crawler  
  147  18:22  Brood Lord  
  147  18:23  Hydralisk x3  
  155  18:31  Hydralisk  
  155  18:32  Hydralisk  
  156  18:48  Hydralisk x5  
  155  19:00  Zergling x2  
  155  19:01  Zergling x14  
  163  19:13  Overseer  
  163  19:26  Infestor  
  163  19:27  Infestor x2  
  163  19:30  Zergling x2  
  163  19:31  Zergling x18  
  178  19:33  Drone  
  178  19:42  Extractor  
  178  19:45  Extractor  
  170  19:53  Spine Crawler  
  170  19:54  Drone  
  170  19:55  Spine Crawler x2  
  170  19:57  Hydralisk, Spine Crawler x2  
  168  20:04  Drone  
  169  20:09  Infestor x12  
  169  20:13  Hydralisk x5  
  168  20:24  Infestor x9  
  168  20:25  Infestor x4  
  151  20:50  Zergling x2  
  151  20:51  Zergling x14  
Tags
 
Add a new tag
Caveats
  • Supply blocks, unpowered buildings, or Contaminate may cause inaccurate times.
  • Supply counts are checked every 10 seconds.